 Dungeon Crawl Stone Soup version 0.28.0-43-g3370ac3207 (webtiles) character file.

Game seed: 8158355216450656721

3171 Pemander the Thaumaturge (level 10, -5/67 HPs)
             Began as a Djinni Fire Elementalist on Apr 1, 2022.
             Slain by Harold
             ... wielding a +0 war axe
              (12 damage)
             ... on level 7 of the Dungeon.
             The game lasted 00:14:40 (6851 turns).

Pemander the Thaumaturge (Djinni Fire Elementalist) Turns: 6851, Time: 00:14:41

Health: -5/67      AC:  3    Str:  7    XL:     10   Next: 16%
Gold:   359        EV:  7    Int: 22    God:
                   SH:  0    Dex: 13

rFire   + + .      SeeInvis .   A - +2 whip (elec)
rCold   x . .      Faith    .   (no shield)
rNeg    . . .      Spirit   .   a - +0 robe
rPois   ∞          Reflect  .   (no helmet)
rElec   .          Harm     .   C - +0 cloak
rCorr   .          Rampage  .   (no gloves)
Will    +....                   (boots unavailable)
Stlth   +.........              q - amulet of regeneration
HPRegen 1.01/turn               (no ring)
MPRegen 0.00/turn               (no ring)

@: confused, ambrosia-drunk, flying, held, hasted, very quick
A: sickness immunity, fire resistance 2, cold vulnerability 1, float, innate
caster, HP casting, extra vitality 1
a: no special abilities


You were on level 7 of the Dungeon.
You visited 2 branches of the dungeon, and saw 8 of its levels.
You also visited: Sewer.

You collected 359 gold pieces.

Inventory:

Hand Weapons
 A - a +2 whip of electrocution (weapon)
Armour
 a - a +0 robe (worn)
 C - a +0 cloak (worn)
Magical Staves
 h - a staff of death
Jewellery
 j - an amulet of faith
 p - an amulet of reflection
 q - an amulet of regeneration (around neck)
Wands
 b - a wand of acid (1)
Scrolls
 g - a scroll of blinking {unknown}
 n - a scroll of silence
 o - 3 scrolls of teleportation
 r - 2 scrolls of fear {unknown}
 s - 3 scrolls of identify
 t - 2 scrolls of enchant armour {unknown}
 v - 2 scrolls of enchant weapon {unknown}
 w - a scroll of immolation {unknown}
 y - a scroll of brand weapon {unknown}
 B - a scroll of torment {unknown}
Potions
 c - a potion of flight {unknown}
 d - 2 potions of might {unknown}
 e - a potion of haste
 f - a potion of heal wounds {unknown}
 i - 2 potions of invisibility {unknown}
 k - 2 potions of cancellation {unknown}
 l - a potion of berserk rage {unknown}
 x - a potion of lignification {unknown}
 z - 2 potions of magic {unknown}


   Skills:
 + Level 3.4 Fighting
 + Level 4.6 Dodging
 - Level 1.5 Stealth
 - Level 10.0 Spellcasting


You had 7 spell levels left.
You knew the following spells:

 Your Spells              Type           Power      Damage    Failure   Level
a - Foxfire               Conj/Fire      100%       2x1d9     1%          1
b - Scorch                Fire           100%       2d10      1%          2
c - Conjure Flame         Conj/Fire      53%        6-21      1%          3
d - Inner Flame           Hex/Fire       53%        N/A       1%          3
e - Flame Wave            Conj/Fire      53%        2d11      1%          4
f - Sting                 Tmut/Pois      100%       1d8       1%          1
g - Ensorcelled Hibernat  Hex/Ice        100%       N/A       1%          2
h - Corpse Rot            Necr/Air       100%       N/A       1%          2
i - Sticky Flame          Conj/Fire      53%        2d7       1%          4
Your spell library was empty.

Dungeon Overview and Level Annotations

Branches:
Dungeon (7/15)             Temple (1/1) D:6           Sewer (visited)

Altars:
Ashenzari
Cheibriados
Dithmenos
Elyvilon
Fedhas
Kikubaaqudgha
Makhleb
Nemelex Xobeh
Okawaru
Qazlal
Ru
Trog
Uskayaw
Vehumet
Wu Jian
Xom
Yredelemnul
Zin
The Shining One

Shops:
D:4 *

Annotations:
D:7 Harold


Innate Abilities, Weirdness & Mutations

You are immune to sickness and miasma.
You are immune to poison.
Your flesh is very heat resistant. (rF++)
You are vulnerable to cold. (rC-)
You float through the air rather than walking.
You learn spells naturally, not from books.
Your magical power is your life essence.
You have superior vitality. (+4 MHP)


Message History

Aim: a centaur zombie (severely damaged, ally target, 100% to hit)
The sticky flame hits the centaur zombie!
You destroy the centaur zombie!
The foxfire hits Harold but does no damage.
Harold is lightly wounded.
The foxfire hits Harold but does no damage.
Harold is lightly wounded.
Unknown command.
Casting: Sticky Flame (dangerous; 1% risk of failure)
Confirm with . or Enter, or press ? or * to list all spells.
Flames lash Harold but do no damage.
Harold hits you with a +0 war axe!
Casting: Scorch (safe; 1% risk of failure)
Confirm with . or Enter, or press ? or * to list all spells.
Aiming: Sticky Flame (dangerous; 1% risk of failure)
Press: ? - help, Shift-Dir - straight line, f - Harold
Aim: Harold, wielding a +0 war axe, wearing a +0 chain mail and quivering 3 throwing nets (lightly wounded, 100% to hit)
The sticky flame hits Harold.
Harold is moderately wounded.
Harold is covered in liquid flames!
Harold burns!
Harold hits you with a +0 war axe!
You struggle against the net.
Harold burns!
Harold hits you with a +0 war axe!!
* * * LOW HITPOINT WARNING * * *
Okay, then.
Okay, then.
It was a potion of curing.
You feel better.
Harold burns!
Harold hits you with a +0 war axe.
* * * LOW HITPOINT WARNING * * *
You feel better.
Harold burns!
Harold stops burning.
Harold hits you with a +0 war axe!
* * * LOW HITPOINT WARNING * * *
You feel better. Harold hits you with a +0 war axe.
* * * LOW HITPOINT WARNING * * *
You are confused.
You feel invigorated.
Harold says happily, "The price on your head will fill my nest egg nicely!"
Harold hits you with a +0 war axe!
* * * LOW HITPOINT WARNING * * *
It was a potion of haste.
You feel yourself speed up. Harold hits you with a +0 war axe!
You die...

..#.............<..
..#.....................
..#.....................
###.....................
# #.....................
# #.....................
###.....................
........................
###.............@@......
# #.....................
# #.....................
# #.....................
###.....................
........................
###.....[....(..........
§.. .)..................
### .


You could see Harold.

Vanquished Creatures
  Pikel (D:5)
  A troll (D:6)
  Prince Ribbit (D:5)
  A water moccasin (Sewer)
  Duvessa (D:5)
  2 ice beasts
  A necrophage (D:4)
  4 black bears
  An ogre (D:5)
  4 lemures
  A phantom (D:6)
  2 bullfrogs
  A kobold brigand (D:6)
  4 scorpions
  A water moccasin zombie (D:5)
  Dowan (D:5)
  5 wights (D:4)
  A centaur zombie (D:7)
  2 jellies
  A bullfrog skeleton (D:4)
  2 iguanas (D:6)
  Ijyb (D:5)
  2 orc wizards (D:3)
  A hound zombie (D:5)
  2 hound skeletons (D:4)
  A howler monkey zombie (D:7)
  4 gnolls (D:2)
  10 adders
  A white imp (D:5)
  An ufetubus (D:6)
  5 worms
  3 dart slugs
  4 orcs
  6 endoplasms
  7 giant cockroaches
  10 goblins
  7 hobgoblins
  9 jackals
  12 kobolds
  3 quokkas
  A ball python (D:2)
  5 bats
  A frilled lizard (D:3)
  10 rats
144 creatures vanquished.

Vanquished Creatures (collateral kills)
  A river rat (D:4)
1 creature vanquished.

Vanquished Creatures (others)
  A black bear (D:7)
  221 foxfires
222 creatures vanquished.

Grand Total: 367 creatures vanquished

Notes
Turn   | Place    | Note
-------+----------+-------------------------------------------
     0 | D:1      | Pemander the Djinni Fire Elementalist began the quest for
                  | the Orb.
     0 | D:1      | Reached XP level 1. HP: 15/15 MP: 0/0
   338 | D:1      | Reached XP level 2. HP: 19/21 MP: 0/0
   375 | D:1      | Found a faded altar of an unknown god.
   541 | D:1      | Reached skill level 3 in Spellcasting
  1026 | D:2      | Reached XP level 3. HP: 21/25 MP: 0/0
  1026 | D:2      | Learned a level 1 spell: Sting
  1411 | D:2      | Reached XP level 4. HP: 12/31 MP: 0/0
  1764 | D:2      | Noticed a scorpion
  1790 | D:1      | Killed a scorpion
  1791 | D:1      | Reached skill level 4 in Spellcasting
  1791 | D:1      | Reached XP level 5. HP: 19/35 MP: 0/0
  1791 | D:1      | Learned a level 2 spell: Ensorcelled Hibernation
  2702 | D:3      | Reached XP level 6. HP: 15/40 MP: 0/0
  2926 | D:3      | Reached skill level 5 in Spellcasting
  3667 | D:4      | Found Uceihuo's Gadget Gallery.
  3739 | D:4      | Reached XP level 7. HP: 37/45 MP: 0/0
  3739 | D:4      | Learned a level 2 spell: Corpse Rot
  3812 | D:4      | Found a glowing drain.
  3822 | Sewer    | Entered a sewer
  3891 | Sewer    | Noticed a water moccasin
  3895 | Sewer    | Killed a water moccasin
  3896 | Sewer    | Reached skill level 6 in Spellcasting
  4455 | D:4      | Reached XP level 8. HP: 39/50 MP: 0/0
  4458 | D:4      | Reached skill level 7 in Spellcasting
  4829 | D:5      | Entered Level 5 of the Dungeon
  4829 | D:5      | Noticed Pikel
  4830 | D:5      | Noticed Prince Ribbit
  4887 | D:5      | Killed Prince Ribbit
  5009 | D:5      | Noticed Duvessa
  5010 | D:5      | Noticed Dowan
  5014 | D:5      | Killed Duvessa
  5015 | D:5      | Reached skill level 8 in Spellcasting
  5016 | D:5      | Killed Dowan
  5035 | D:5      | Found a shadowy altar of Dithmenos.
  5035 | D:5      | Found a sacrificial altar of Ru.
  5117 | D:5      | Reached XP level 9. HP: 53/55 MP: 0/0
  5117 | D:5      | Learned a level 4 spell: Sticky Flame
  5227 | D:5      | Noticed Ijyb
  5234 | D:5      | Killed Ijyb
  5406 | D:5      | Killed Pikel
  5407 | D:5      | Reached skill level 9 in Spellcasting
  5486 | D:6      | Reached skill level 10 in Spellcasting
  5584 | D:6      | Found an iron altar of Okawaru.
  5645 | D:6      | Found a burning altar of Makhleb.
  5687 | D:6      | Reached skill level 1 in Fighting
  5907 | D:6      | Noticed a troll
  5920 | D:6      | Found a staircase to the Ecumenical Temple.
  5934 | D:6      | Killed a troll
  5935 | D:6      | Reached XP level 10. HP: 61/65 MP: 0/0
  6159 | Temple   | Entered the Ecumenical Temple
  6731 | D:7      | Found a shimmering altar of Xom.
  6835 | D:7      | Noticed Harold
  6850 | D:7      | HP: 3/67 [Harold/+0 war axe (17)]
  6851 | D:7      | Slain by Harold

Illustrated notes

Levels and vault maps discovered:
D:1:      mrwooster_arrival_statue_2, layout_loops_ring, serial_glass,
          glass_columns_a, glass_columns_b,
          hellmonk_ecumenical_altar_prayer_group
D:2:      layout_basic
D:3:      kennysheep_six_static_rooms, layout_rooms
D:4:      layout_basic, lightli_sewer_entry_pipes, nicolae_shop_gadgets
D:5:      layout_gridville, amethyst_overflow_temple_binary,
          wad_rectangle_vault, uniq_prince_ribbit1, uniq_pikel, uniq_duvessa,
          uniq_ijyb
D:6:      layout_basic, mainiacjoe_overflow_alcove_2,
          mainiacjoe_overflow_surrounded_room, minmay_temple_entry_waves,
          mumra_transporter_accident, st_stairs_12,
          hangedman_abyss_or_decor_lesser_grid, serial_bayou_pond_e
D:7:      layout_basic, xom_confusion_cloud, uniq_harold
Temple:   eino_temple_water

Skill      XL: |  1  2  3  4  5  6  7  8  9 10 |
---------------+-------------------------------+-----
Spellcasting   | 3 4 5 6 8 10 | 10.0
Fighting       | 2 3 |  3.4
Dodging        | 3 4 |  4.6
Stealth        | |  1.5

Action                   |  1- 3 |  4- 6 |  7- 9 | 10-12 || total
-------------------------+-------+-------+-------+-------++-------
Melee: Spear             |    37 |    25 |     2 |       ||    64
       Whip              |       |       |     4 |       ||     4
 Cast: Foxfire           |    18 |    29 |    61 |    24 ||   132
       Scorch            |     4 |    45 |    74 |     1 ||   124
       Conjure Flame     |       |     1 |       |       ||     1
       Flame Wave        |       |       |    12 |       ||    12
       Sticky Flame      |       |       |    13 |     2 ||    15
  Use: Scroll            |       |     7 |     1 |       ||     8
       Potion            |       |       |       |     5 ||     5
 Stab: Sleeping          |     2 |     2 |       |       ||     4
Armor: Robe              |     7 |     9 |     5 |     1 ||    22
Dodge: Dodged            |    26 |    25 |    31 |     1 ||    83
